 Dungeon Crawl Stone Soup version 0.30-a0-920-g7493c07aab (webtiles) character file.

Game seed: 13046532646937196621

42508 jasper the Warrior (level 14, -1/140 HPs)
             Began as a Hill Orc Gladiator on Mar 21, 2023.
             Was a High Priest of Makhleb.
             Slain by a 15-headed hydra (8 damage)
             ... on level 5 of the Lair of Beasts.
             The game lasted 00:21:07 (13785 turns).

jasper the Warrior (Hill Orc Gladiator)            Turns: 13785, Time: 00:21:08

Health: -1/140     AC: 20    Str: 20    XL:     14   Next: 20%
Magic:  30/30      EV:  9    Int:  8    God:    Makhleb [*****.]
Gold:   1125       SH:  0    Dex: 16    Spells: 13/13 levels left

rFire   + . .      SeeInvis .    l - +2 war axe (elec)
rCold   . . .      Faith    .    (no shield)
rNeg    . . .      Spirit   .    A - +1 chain mail
rPois   +          Reflect  .    n - +0 helmet "Ykeef" {Regen+ Str-2 Stlth+}
rElec   .          Rampage  .    P - +0 cloak {rPois}
rCorr   .                        (no gloves)
Will    ++...                    k - +2 pair of boots of Paesotadd {*Corrode Will+ MP+9 Dex+4} Stlth
                                 (no amulet)
HPRegen 1.23/turn                x - +4 ring of protection
MPRegen 0.22/turn                T - ring of protection from fire

@: corroded
A: no striking features
a: Renounce Religion, Minor Destruction, Lesser Servant of Makhleb, Major
Destruction, Greater Servant of Makhleb


You were on level 5 of the Lair of Beasts.
You worshipped Makhleb.
Makhleb was extremely pleased with you.
You visited 3 branches of the dungeon, and saw 18 of its levels.

You collected 1445 gold pieces.
You spent 320 gold pieces at shops.

Inventory:

Hand Weapons
 l - a +2 war axe of electrocution (weapon)
 p - a +4 demon trident
Missiles
 d - 3 throwing nets
 e - 5 javelins
 g - 144 stones (quivered)
 y - 14 boomerangs
Armour
 j - a +0 crystal plate armour
 k - the +2 pair of boots of Paesotadd (worn) {*Corrode Will+ MP+9 Dex+4}
   (You acquired it on level 1 of the Dungeon)

   Dex:       It affects your dexterity (+4).
   MP:        It affects your magic capacity (+9).
   *Corrode:  It may corrode you when you take damage.
   Will:      It increases your willpower.
 n - the +0 helmet "Ykeef" (worn) {Regen+ Str-2 Stlth+}
   (You acquired it on level 2 of the Dungeon)

   Str:       It affects your strength (-2).
   Regen:     It increases your rate of health regeneration.
   Stlth:     It makes you more stealthy.
 A - a +1 chain mail (worn)
 B - a +0 kite shield
 G - a +2 cloak of stealth
 P - a +0 cloak of poison resistance (worn)
Jewellery
 x - a +4 ring of protection (left hand)
 L - an amulet of faith
 O - a ring of positive energy
 Q - a ring of wizardry
 S - a +6 ring of dexterity
 T - a ring of protection from fire (right hand)
 W - a ring of resist corrosion
 Y - a ring of see invisible
Wands
 w - a wand of flame (61)
 C - a wand of mindburst (33)
 E - a wand of digging (4)
 J - a wand of roots (9)
 N - a wand of paralysis (4)
Scrolls
 b - a scroll of summoning
 c - a scroll of blinking
 D - 12 scrolls of teleportation
 H - 2 scrolls of immolation
 K - a scroll of silence
 M - a scroll of fear
 R - 2 scrolls of enchant armour
 U - a scroll of enchant weapon
 V - a scroll of fog
 Z - a scroll of poison
Potions
 a - a potion of magic
 h - 6 potions of attraction
 i - 8 potions of curing
 m - 3 potions of lignification
 o - 5 potions of might
 q - 2 potions of brilliance
 r - 2 potions of invisibility {unknown}
 s - 3 potions of flight
 t - a potion of heal wounds
 u - 2 potions of cancellation
 z - 2 potions of ambrosia {unknown}
 F - 2 potions of degeneration
 I - 5 potions of mutation
 X - a potion of resistance


   Skills:
 * Level 17.3 Fighting
 - Level 17.0 Axes
 - Level 1.7 Throwing
 + Level 13.3 Armour
 - Level 2.4 Dodging
 + Level 10.5 Invocations


You had 13 spell levels left.
You didn't know any spells.
Your spell library contained the following spells:

 Spells                   Type           Power      Damage    Failure   Level
 Freeze                   Ice            0%         1d3       95%         1
 Summon Small Mammal      Summ           0%         N/A       95%         1
 Cigotuvi's Dreadful Rot  Necr/Pois/Air  0%         N/A       98%         2
 Ensorcelled Hibernation  Hex/Ice        0%         N/A       98%         2
 Lesser Beckoning         Tloc           0%         N/A       98%         2
 Poisonous Vapours        Pois/Air       0%         N/A       98%         2
 Call Canine Familiar     Summ           0%         N/A       100%        3
 Frozen Ramparts          Ice            0%         1d1       100%        3
 Gell's Gravitas          Tloc           0%         N/A       100%        3
 Hailstorm                Conj/Ice       0%         3d3       100%        3
 Ignite Poison            Fire/Tmut/Pois 0%         N/A       100%        3
 Kindle Blastsparks       Fire/Tloc/Air  0%         2d10      100%        3
 Mephitic Cloud           Conj/Pois/Air  0%         N/A       100%        3
 Portal Projectile        Hex/Tloc       0%         N/A       100%        3
 Spider Form              Tmut/Pois      0%         N/A       100%        3
 Summon Guardian Golem    Hex/Summ       0%         N/A       100%        3
 Teleport Other           Tloc           0%         N/A       100%        3
 Tukima's Dance           Hex            0%         N/A       100%        3
 Airstrike                Air            0%         2d(0-16)  100%        4
 Anguish                  Hex/Necr       0%         N/A       100%        4
 Fulminant Prism          Conj/Hex       0%         3d5       100%        4
 Iskenderun's Mystic Bla  Conj/Tloc      0%         2d3       100%        4
 Petrify                  Tmut/Erth      0%         N/A       100%        4
 Summon Lightning Spire   Summ/Air       0%         N/A       100%        4
 Blade Hands              Tmut           0%         N/A       100%        5
 Freezing Cloud           Conj/Ice/Air   0%         6-21      100%        5
 Irradiate                Conj/Tmut      0%         3d11      100%        5
 Iskenderun's Battlesphe  Conj           0%         2d6       100%        5
 Lee's Rapid Deconstruct  Erth           0%         3d4*      100%        5
 Plasma Beam              Fire/Air       0%         2x1d11    100%        5
 Dispersal                Tloc           0%         N/A       100%        6
 Iron Shot                Conj/Erth      0%         9d1       100%        6
 Spellforged Servitor     Conj/Summ      0%         N/A       100%        7


Dungeon Overview and Level Annotations

Branches:
Dungeon (12/15)            Temple (1/1) D:6            Lair (5/5) D:9
 Shoals (0/4) Lair:3       Spider (0/4) Lair:2        Slime (0/5) Lair:5
    Orc (0/2) D:9

Altars:
Ashenzari
Cheibriados
Dithmenos
Elyvilon
Gozag
Hepliaklqana
Kikubaaqudgha
Makhleb
Nemelex Xobeh
Okawaru
Ru
Sif Muna
Trog
Uskayaw
Vehumet
Wu Jian
Xom
Yredelemnul
Zin
The Shining One
Jiyva

Shops:
D:5 !   D:8 *

Portals:
Abyss: D:7

Annotations:
D:7 2 transporters, DiggyJ's ghost, novice MiFi


Message History

Your corrosive artefact corrodes you!
The 14-headed hydra closely misses you. x2
The 14-headed hydra bites you but does no damage. x3
The 14-headed hydra bites you. x2; The 14-headed hydra bites you!
* * * LOW HITPOINT WARNING * * *
The 14-headed hydra bites you but does no damage. x2
The 14-headed hydra bites you!
* * * LOW HITPOINT WARNING * * *
The 14-headed hydra bites you but does no damage.
You take 42 damage, and have 20/140 hp.
MASSIVE DAMAGE!!
You closely miss the wolf.
The wolf is almost dead.
You hit the hell hound.
Lightning courses through the hell hound!!
You kill the hell hound!
Makhleb accepts your kill.
You feel better.
You hack one of the 14-headed hydra's heads off!
The 13-headed hydra grows two more!
You slash the 15-headed hydra!
Lightning courses through the 15-headed hydra!
The wolf bites you but does no damage. x2
You regained 5 hp, and now have 25/140 hp.
A demon appears!
A polar bear comes into view.
The wolf closely misses you. The 15-headed hydra bites you.
* * * LOW HITPOINT WARNING * * *
The 15-headed hydra closely misses you. The 15-headed hydra bites you.
* * * LOW HITPOINT WARNING * * *
The 15-headed hydra bites you but does no damage. x2
The 15-headed hydra bites you.
* * * LOW HITPOINT WARNING * * *
The 15-headed hydra bites you but does no damage.
The 15-headed hydra bites you.
* * * LOW HITPOINT WARNING * * *
The 15-headed hydra completely misses you.
The 15-headed hydra bites you but does no damage.
The 15-headed hydra closely misses you. The 15-headed hydra barely misses you.
The 15-headed hydra bites you!
* * * LOW HITPOINT WARNING * * *
The 15-headed hydra barely misses you. The 15-headed hydra bites you!
You die...

### ### ##.# ##3#
##..#########
##..###....#.##.#.#
#h@..##.....##†...#
....h.Dh#...............
....hhh##.....(#.†.†....
#...### ##..#.#.#......†
##h #..######..#.#. #.
#### ####### # ####.####
###.#...#.# ##..†.......


You could see a 15-headed hydra, 4 polar bears, a warg, a black bear, a wolf and
a friendly smoke demon (summoned).

Vanquished Creatures
  The ghost of Lobster4 the Summoner, a journeyman TeSu of Gozag (Lair:2)
  3 hydras (Lair:3)
  2 two-headed ogres
  A centaur warrior (D:10)
  A death yak (Lair:4)
  Urug (Lair:1)
  Lodul (D:11)
  3 harpies (Lair:3)
  4 lindwurms (Lair:3)
  An ugly thing (D:10)
  2 cyclopes
  12 elephants
  4 black mambas
  Joseph (D:7)
  A gargoyle (D:10)
  A torpor snail (Lair:4)
  6 cane toads
  2 unseen horrors
  A rime drake (Lair:3)
  A kobold demonologist (D:11)
  6 komodo dragons
  2 polar bears
  A meliai (Lair:2)
  3 hornets (D:10)
  Prince Ribbit (D:7)
  3 trolls
  5 blink frogs (Lair:4)
  A raiju (Lair:5)
  9 dream sheep
  A slime creature (Lair:5)
  8 wyverns
  2 wraiths
  A shadow (D:9)
  A vampire (D:10)
  18 yaks
  6 basilisks
  A vampire mosquito (D:10)
  3 wargs (Lair:5)
  11 water moccasins
  An acid dragon (D:11)
  12 hell hounds (Lair:5)
  6 black bears
  An orc warrior (D:10)
  10 ogres
  2 sky beasts (D:7)
  15 wolves (Lair:5)
  8 centaurs
  2 scorpions
  13 bullfrogs
  A gnoll sergeant (D:10)
  4 kobold brigands
  9 wights
  19 killer bees
  8 howler monkeys
  An electric eel (Lair:1)
  2 hounds (D:6)
  5 jellies
  6 orc priests
  Crazy Yiuf (D:5)
  2 sleepcaps (D:5)
  3 iguanas
  Terence (D:2)
  6 hell rats (Lair:4)
  7 orc wizards
  7 gnolls
  10 adders
  An ufetubus (D:6)
  A worm (D:4)
  23 orcs
  6 endoplasms
  3 giant cockroaches
  13 goblins
  8 hobgoblins
  7 quokkas
  6 ball pythons
  4 bats
  5 frilled lizards
  17 kobolds
  8 rats
396 creatures vanquished.

Vanquished Creatures (collateral kills)
  A black mamba (Lair:5)
  2 dream sheep (Lair:5)
  A basilisk (Lair:3)
  A warg (Lair:5)
  2 black bears (Lair:5)
  2 wolves (Lair:5)
  A jelly (Lair:5)
10 creatures vanquished.

Vanquished Creatures (others)
  14 fungi
  42 plants
56 creatures vanquished.

Grand Total: 462 creatures vanquished

Notes
Turn   | Place    | Note
-------+----------+-------------------------------------------
     0 | D:1      | jasper the Hill Orc Gladiator began the quest for the Orb.
     0 | D:1      | Reached XP level 1. HP: 18/18 MP: 1/1
   147 | D:1      | Reached XP level 2. HP: 25/25 MP: 2/2
   234 | D:1      | Reached skill level 1 in Armour
   318 | D:1      | Found a faded altar of an unknown god.
   326 | D:1      | Reached XP level 3. HP: 27/30 MP: 3/3
   620 | D:1      | Reached skill level 5 in Axes
   847 | D:1      | Identified a scroll of acquirement
   847 | D:1      | Acquired the +2 pair of boots of Paesotadd {*Corrode Will+
                  | MP+9 Dex+4}
  1339 | D:2      | Noticed Terence
  1343 | D:2      | Killed Terence
  1344 | D:2      | Reached XP level 4. HP: 30/38 MP: 4/4
  1701 | D:2      | Acquired the +0 helmet "Ykeef" {Regen+ Str-2 Stlth+}
  1737 | D:3      | Noticed an ogre
  1898 | D:3      | Reached XP level 5. HP: 45/45 MP: 5/5
  2304 | D:3      | Got the Treatise on Direction and Teratogeny
  2559 | D:3      | Found a sacrificial altar of Ru.
  2611 | D:3      | Killed an ogre
  2612 | D:3      | Reached XP level 6. HP: 53/53 MP: 6/6
  3126 | D:4      | Identified the +1 ring mail "Uhacwuj" {Str+3}
  3252 | D:5      | Entered Level 5 of the Dungeon
  3367 | D:5      | Reached XP level 7. HP: 50/60 MP: 7/7
  3676 | D:5      | Found a runed translucent door.
  3677 | D:5      | Noticed Crazy Yiuf
  3773 | D:5      | Reached skill level 5 in Fighting
  4203 | D:5      | Found Aseite's Distillery.
  4206 | D:5      | Bought a potion of curing for 30 gold pieces
  4206 | D:5      | Bought a potion of haste for 100 gold pieces
  4206 | D:5      | Bought a potion of heal wounds for 50 gold pieces
  4206 | D:5      | Bought a potion of heal wounds for 50 gold pieces
  4206 | D:5      | Bought a potion of might for 40 gold pieces
  4206 | D:5      | Bought a potion of degeneration for 10 gold pieces
  4206 | D:5      | Bought a potion of brilliance for 40 gold pieces
  4301 | D:5      | Killed Crazy Yiuf
  4545 | D:6      | Reached XP level 8. HP: 70/70 MP: 8/8
  4591 | D:6      | Found a staircase to the Ecumenical Temple.
  4703 | Temple   | Entered the Ecumenical Temple
  4763 | Temple   | Became a worshipper of Makhleb the Destroyer
  5109 | D:6      | Reached skill level 5 in Armour
  5156 | D:6      | Reached skill level 10 in Axes
  5441 | D:7      | Noticed Joseph
  5603 | D:7      | Found a broken altar of Ashenzari.
  5635 | D:7      | Reached XP level 9. HP: 20/79 MP: 9/9
  5706 | D:7      | Noticed Prince Ribbit
  5717 | D:7      | Killed Prince Ribbit
  5736 | D:7      | Found a transporter.
  5762 | D:7      | Found a transporter.
  5868 | D:7      | Killed Joseph
  5868 | D:7      | Reached * piety under Makhleb
  5881 | D:7      | Noticed a green ugly thing
  5884 | D:7      | Noticed DiggyJ's ghost (novice MiFi)
  5891 | D:7      | Found a one-way gate to the infinite horrors of the Abyss.
  6194 | D:8      | Found Zeso's General Store.
  6593 | D:8      | Reached XP level 10. HP: 90/90 MP: 10/10
  6965 | D:9      | Found a staircase to the Lair.
  6993 | D:9      | Reached ** piety under Makhleb
  7077 | D:9      | Found a shadowy altar of Dithmenos.
  7298 | D:9      | Found a staircase to the Orcish Mines.
  7360 | D:10     | Entered Level 10 of the Dungeon
  7490 | D:10     | Noticed a red ugly thing
  7490 | D:10     | Noticed a two-headed ogre
  7491 | D:10     | Noticed a centaur warrior
  7510 | D:10     | Killed a red ugly thing
  7514 | D:10     | Reached skill level 15 in Axes
  7520 | D:10     | Reached skill level 10 in Fighting
  7523 | D:10     | Reached XP level 11. HP: 38/99 MP: 11/11
  7523 | D:10     | HP: 1/99 [two-headed ogre/+0 giant spiked club (8)]
  7663 | D:10     | Killed a two-headed ogre
  7756 | D:10     | Killed a centaur warrior
  8073 | D:10     | Reached *** piety under Makhleb
  8293 | D:10     | Noticed a cyclops
  8301 | D:10     | Killed a cyclops
  8800 | D:11     | Noticed Lodul
  8831 | D:11     | Killed Lodul
  8832 | D:11     | Reached skill level 10 in Armour
  9017 | D:11     | Noticed a cyclops
  9025 | D:11     | Killed a cyclops
  9026 | D:11     | Reached skill level 1 in Invocations
  9134 | D:11     | Noticed a two-headed ogre
  9138 | D:11     | Killed a two-headed ogre
  9139 | D:11     | Reached XP level 12. HP: 71/112 MP: 13/13
  9494 | Lair:1   | Entered Level 1 of the Lair of Beasts
  9844 | Lair:1   | Noticed Urug
  9854 | Lair:1   | Killed Urug
 10430 | Lair:2   | Reached **** piety under Makhleb
 10469 | Lair:2   | Found a large runed translucent door.
 10469 | Lair:2   | Found a large runed translucent door.
 10527 | Lair:2   | Reached skill level 5 in Invocations
 10659 | Lair:2   | Found a hole to the Spider Nest.
 10984 | Lair:2   | Noticed Lobster4's ghost (journeyman TeSu)
 11202 | Lair:2   | Killed Lobster4's ghost
 11242 | Lair:3   | Noticed a six-headed hydra
 11441 | Lair:3   | Noticed a four-headed hydra
 11455 | Lair:3   | Killed a four-headed hydra
 11456 | Lair:3   | Reached XP level 13. HP: 122/125 MP: 18/18
 11600 | Lair:3   | Reached skill level 15 in Fighting
 11881 | Lair:3   | Found a staircase to the Shoals.
 12366 | Lair:3   | Reached ***** piety under Makhleb
 13403 | Lair:5   | Entered Level 5 of the Lair of Beasts
 13474 | Lair:5   | Found a staircase to the Slime Pits.
 13487 | Lair:5   | Reached skill level 10 in Invocations
 13493 | Lair:5   | Reached XP level 14. HP: 123/138 MP: 21/21
 13494 | Lair:5   | Found a viscous altar of Jiyva.
 13785 | Lair:5   | HP: 7/140 [15-headed hydra (7)]
 13785 | Lair:5   | Slain by a 15-headed hydra

Illustrated notes

Levels and vault maps discovered:
D:1:      dpeg_arrival_stonehenge_8_columns, layout_rooms,
          chequers_ecumenical_altar_island, minivault_5, nicolae_eternal_life,
          minmay_indecisive_spiral
D:2:      kennysheep_big_flooded_room, layout_basic, uniq_terence
D:3:      layout_basic, mainiacjoe_overflow_alcove_2, minmay_box_of_dots
D:4:      layout_rooms
D:5:      layout_gridville, serial_shops, kennysheep_mini_moat,
          uniq_crazy_yiuf_cottage
D:6:      layout_cave_pods, minmay_temple_entry_drinking_statues
D:7:      layout_rooms, mainiacjoe_overflow_boulevard,
          gammafunk_ghost_abyssal_escape, uniq_joseph, uniq_prince_ribbit1
D:8:      layout_loops_ring, serial_shops, shop, minivault_24, hex_medium
D:9:      layout_gridville, grunt_dithmenos_smoke_and_mirrors,
          david_lair_generic, orc_0_dummy, serial_bayou_pond_a
D:10:     minmay_bloctagon, layout_stronghold, minivault_27
D:11:     layout_irregular_city, kennysheep_minor_cross, reono_crystal_passage,
          uniq_lodul
D:12:     layout_basic
Temple:   compressed_dpeg_triangle_lava_temple
Lair:1:   layout_gridlike, infiniplex_staircase_pool_2, uniq_urug
Lair:2:   layout_regular_city, hellmonk_spider_entry_not_the_bees,
          ebering_ghost_disaster_area, serial_bayou_shore_b
Lair:3:   layout_chaotic_city, nicolae_shoals_entry_roost, minivault_11,
          chequers_serial_rivers_micro_b, serial_bayou_pond_e,
          minmay_lindwurm_lava
Lair:4:   layout_cellular_growth
Lair:5:   hangedman_lair_caniforms_friends, layout_long_grid,
          minmay_slime_entry_pillars, lemuel_fruit_tree

Skill      XL: |  1  2  3  4  5  6  7  8  9 10 11 12 13 14 |
---------------+-------------------------------------------+-----
Armour         | 1 2 3 4 5 7 8 10 11 13 | 13.3
Fighting       | 3 4 5 7 8 10 11 14 16 17 | 17.3
Axes           | 5 7 9 11 13 15 17 | 17.0
Invocations    | 2 7 10 | 10.5
Throwing       | |  1.7
Dodging        | |  2.4

Action                     |  1- 3 |  4- 6 |  7- 9 | 10-12 | 13-15 || total
---------------------------+-------+-------+-------+-------+-------++-------
  Melee: War axe           |    70 |   101 |   218 |   520 |   291 ||  1200
         Punch             |     1 |       |     3 |    11 |     4 ||    19
         Demon trident     |       |       |       |     8 |       ||     8
         Flail             |       |       |       |       |    16 ||    16
  Throw: Stone             |     2 |     6 |     4 |     3 |       ||    15
         Throwing net      |       |     1 |       |       |       ||     1
 Invoke: Lesser Servant of |       |       |       |       |     3 ||     3
  Evoke: Wand              |       |       |       |     5 |       ||     5
    Use: Scroll            |     2 |     8 |     5 |     9 |     2 ||    26
         Potion            |       |       |       |     9 |     1 ||    10
   Stab: Sleeping          |       |     1 |       |       |       ||     1
 Armour: Leather armour    |    40 |    13 |       |       |       ||    53
         Scale mail        |       |    15 |       |       |       ||    15
         Chain mail        |       |    34 |   186 |   370 |   446 ||  1036
  Dodge: Dodged            |    70 |    59 |   108 |   220 |   253 ||   710

Table legend: (Time is in decaauts)
 A = Elapsed time spent in this place.
 B = Non-inter-level travel time spent in this place.
 C = Inter-level travel time spent in this place.
 D = Time resting spent in this place.
 E = Time spent auto-exploring this place.
 F = Levels seen in this place.
 G = Mean time per level.
                   A        B        C        D        E       F      G
               +--------+--------+--------+--------+--------+-----+--------+
         Total |  13579 |  12586 |    993 |    212 |   9180 |  18 |  754.4 |
       Dungeon |   9381 |   8546 |    835 |    101 |   6292 |  12 |  781.8 |
        Temple |     69 |     61 |      8 |      0 |     45 |   1 |   69.0 |
          Lair |   4128 |   3979 |    149 |    111 |   2843 |   5 |  825.6 |
               +--------+--------+--------+--------+--------+-----+--------+

Top non-repeatable levels by time:
    D:10: 1102 daAuts
     D:5: 1089 daAuts
     D:6: 1087 daAuts
  Lair:4: 1020 daAuts
     D:1: 1009 daAuts
     D:3: 1007 daAuts
  Lair:3: 1004 daAuts
  Lair:2: 974 daAuts
    D:11: 883 daAuts
  Lair:1: 822 daAuts
     D:2: 818 daAuts
     D:8: 720 daAuts
     D:7: 584 daAuts
     D:9: 568 daAuts
     D:4: 508 daAuts
